 Dungeon Crawl Stone Soup version 0.31-a0-960-g0fca184906 (webtiles) character file.

Game seed: 5165207882319140662

60 Azuregosa the Covert (level 4, 0/31 HPs)
             Began as an Octopode Delver on Oct 23, 2023.
             Succumbed to a scorpion's poison
             ... on level 5 of the Dungeon.
             The game lasted 00:01:14 (36 turns).

Azuregosa the Covert (Octopode Delver)                Turns: 36, Time: 00:01:15

Health: 0/31       AC:  1    Str: 11    XL:     4   Next: 6%
Magic:  4/4        EV: 13    Int: 14    God:
Gold:   0          SH:  0    Dex: 13    Spells: 3/3 levels left

rFire   . . .        a - +0 falchion
rCold   . . .        (no shield)
rNeg    . . .        (helmet restricted)
rPois   .            (no amulet)
rElec   .            (no ring)
rCorr   .            (no ring)
SInv    .            (no ring)
Will    .....        (no ring)
Stlth   +++++        (no ring)
HPRegen 0.25/turn    (no ring)
MPRegen 0.09/turn    (no ring)
                     (no ring)

%: no passive effects
@: lethally poisoned (0 -> -2)
A: almost no armour, amphibious, 8 rings, camouflage 1, gelatinous body 1,
(nimble swimmer 1), tentacles
a: no special abilities


You were on level 5 of the Dungeon.
You visited 1 branch of the dungeon, and saw 2 of its levels.

Inventory:

Hand Weapons
 a - a +0 falchion (weapon)
Wands
 f - a wand of digging (3)
Scrolls
 b - a scroll of fog
 d - a scroll of fear
Potions
 e - a potion of haste


   Skills:
 - Level 3.0 Fighting
 - Level 2.0 Long Blades
 - Level 2.0 Dodging
 + Level 8.6 Stealth


You had 3 spell levels left.
You didn't know any spells.
Your spell library was empty.

Dungeon Overview and Level Annotations

Branches:
Dungeon (6/15)
 Temple: D:4-7

Altars:
Uskayaw


Innate Abilities, Weirdness & Mutations

You cannot wear most types of armour.
You are amphibious.
You can wear up to eight rings at the same time.
Your skin changes colour to match your surroundings (Stealth+).
Your rubbery body absorbs attacks. (AC +1, EV +1)
((You are camouflaged when in or above water. (Stealth+)))
You have tentacles for arms and can constrict up to eight enemies at once.


Message History

You squeeze the scorpion, but do no damage.
The scorpion is heavily wounded.
You constrict the scorpion. The scorpion barely misses you.
The scorpion stings you.
You are lethally poisoned!
The scorpion poisons you!
You hit the scorpion.
The scorpion is severely wounded.
You constrict the scorpion, but do no damage.
You feel very sick.
The scorpion stings you but does no damage.
You hit the scorpion but do no damage.
The scorpion is severely wounded.
You constrict the scorpion, but do no damage.
You feel sick. The scorpion barely misses you.
You hit the scorpion but do no damage. Your squeeze misses the scorpion.
The scorpion is severely wounded.
You constrict the scorpion.
* * * LOW HITPOINT WARNING * * *
You feel sick. The scorpion stings you.
* * * LOW HITPOINT WARNING * * *
The scorpion closely misses you.
You hit the scorpion but do no damage.
The scorpion is severely wounded.
You constrict the scorpion.
You kill the scorpion!
* * * LOW HITPOINT WARNING * * *
You feel sick.
Your Stealth skill gained 2 levels and is now at level 8!
You have reached level 2!
You have reached level 3!
Your experience leads to an increase in your attributes!
Increase (S)trength, (I)ntelligence, or (D)exterity?
You feel clever. x2
You have reached level 4!
Found a hide-covered altar of Uskayaw.
* * * LOW HITPOINT WARNING * * *
You feel sick.
A hound comes into view.
You die...

,,,* *******,* *,,
,*********##.,,,,<,*
*,,
,,,,,,,,,##..#******
*,,
********,#....##*
*,* *,.h.....* *,* *
*,.§.8.≈.* *,* **
*,.≈...≈.*
*********,* ,*
*,.≈§.≈§.####
*,,,,,,,,,, **
*,.≈≈.≈≈.@..##
*,*******,, ,*
*,.§≈.§≈.##..###.#
*,, **
*,.≈≈_≈≈.*##.....#
**, ,* *,.≈≈≈≈§.*
#.##### *, **
*,..≈≈≈..* #.# *, *
**,.......* #.#
******, *,,....###*
#.# *,,,,,, ***
*,,####* #.# *,****,
,,* *,,* #.# *.# *,


You could see a hound (asleep).

Vanquished Creatures
  A scorpion (D:5)
1 creature vanquished.

Notes
Turn   | Place    | Note
-------+----------+-------------------------------------------
     0 | D:5      | Azuregosa the Octopode Delver began the quest for the Orb.
     0 | D:5      | Reached XP level 1. HP: 16/16 MP: 1/1
    25 | D:5      | Noticed a scorpion
    34 | D:5      | Killed a scorpion
    35 | D:5      | Reached skill level 8 in Stealth
    35 | D:5      | Reached XP level 2. HP: 1/21 MP: 2/2
    35 | D:5      | Reached XP level 3. HP: 1/26 MP: 3/3
    35 | D:5      | Reached XP level 4. HP: 2/31 MP: 4/4
    35 | D:5      | Found a hide-covered altar of Uskayaw.
    35 | D:5      | HP: 1/31 [poisoned by a scorpion]
    36 | D:5      | Succumbed to a scorpion's poison

Illustrated notes

Levels and vault maps discovered:
D:5:      layout_loops_ring, mainiacjoe_overflow_catwalk, corexii_corridor_pit,
          dreamdust_princess_corridor, mrwooster_statue_mirror, st_stairs_8
D:6:      layout_loops_ring, lemuel_zombie_altar_kikubaaqudgha,
          mainiacjoe_overflow_cross_hatched,
          nicolae_wu_jian_immortal_techniques, minmay_misc_feat_hallway,
          nrook_campfire, lemuel_flamethrower_2, uniq_duvessa,
          uniq_blork_the_orc

Skill      XL: |  1 |
---------------+----+-----
Stealth        | 8 |  8.6
Fighting       | |  3.0
Long Blades    | |  2.0
Dodging        | |  2.0

Action                     |  1- 3 |  4- 6 || total
---------------------------+-------+-------++-------
  Melee: Falchion          |     7 |       ||     7
         Constrict         |     1 |       ||     1
         Tentacles         |     1 |       ||     1
    Use: Scroll            |     1 |       ||     1
   Stab: Sleeping          |     1 |       ||     1
 Armour: Skin              |     4 |       ||     4
  Dodge: Dodged            |     5 |       ||     5

Table legend: (Time is in decaauts)
 A = Elapsed time spent in this place.
 B = Non-inter-level travel time spent in this place.
 C = Inter-level travel time spent in this place.
 D = Time resting spent in this place.
 E = Time spent auto-exploring this place.
 F = Levels seen in this place.
 G = Mean time per level.
                   A        B        C        D        E       F      G
               +--------+--------+--------+--------+--------+-----+--------+
         Total |     37 |     37 |      0 |      0 |      0 |   2 |   18.5 |
       Dungeon |     37 |     37 |      0 |      0 |      0 |   2 |   18.5 |
               +--------+--------+--------+--------+--------+-----+--------+

Top non-repeatable levels by time:
     D:5: 35 daAuts
     D:6: 1 daAuts
